 Dungeon Crawl Stone Soup version 0.28.0-1-gb440e238dd (webtiles) character file.

Game seed: 11735771145032873748

323 Kaptain the Digger (level 6, -1/35 HPs)
             Began as a Gargoyle Earth Elementalist on Feb 27, 2022.
             Slain by a gnoll (2 damage)
             ... on level 3 of the Dungeon.
             The game lasted 00:09:36 (2811 turns).

Kaptain the Digger (Gargoyle Earth Elementalist)    Turns: 2811, Time: 00:09:36

Health: -1/35      AC: 16    Str: 11    XL:     6   Next: 47%
Magic:  4/10       EV: 12    Int: 18    God:
Gold:   85         SH:  0    Dex: 10    Spells: 7/11 levels left

rFire   . . .      SeeInvis .   a - +0 mace (protect)
rCold   . . .      Faith    .   (no shield)
rNeg    + . .      Spirit   .   b - +0 robe
rPois   ∞          Reflect  .   e - +2 hat
rElec   +          Harm     .   (no cloak)
rCorr   .          Rampage  .   h - +0 pair of gloves
Will    .....                   (no boots)
Stlth   ++........              (no amulet)
HPRegen 0.11/turn               (no ring)
MPRegen 0.12/turn               (no ring)

@: under a protective aura
A: sickness immunity, AC +4, negative energy resistance 1, electricity
resistance, torment resistance 1, petrification resistance
a: no special abilities


You were on level 3 of the Dungeon.
You visited 1 branch of the dungeon, and saw 3 of its levels.

You collected 85 gold pieces.

Inventory:

Hand Weapons
 a - a +0 mace of protection (weapon)
 k - a +0 short sword
 s - a +2 dagger of speed
Missiles
 o - 2 curare-tipped darts
 q - 29 sling bullets
 t - 2 throwing nets
Armour
 b - a +0 robe (worn)
 e - a +2 hat (worn)
 h - a +0 pair of gloves (worn)
Scrolls
 d - a scroll of torment {unknown}
 f - a scroll of teleportation {unknown}
 g - 2 scrolls of enchant armour {unknown}
 i - 2 scrolls of noise {unknown}
 j - 3 scrolls of fear {unknown}
 m - 2 scrolls of identify {unknown}
 r - a scroll of immolation {unknown}
Potions
 l - a potion of attraction {unknown}
 p - a potion of degeneration {unknown}


   Skills:
 + Level 1.7 Fighting
 + Level 1.7 Armour
 + Level 2.2 Dodging
 + Level 3.1 Stealth
 * Level 3.2 Spellcasting
 * Level 2.9 Conjurations
 - Level 0.7 Transmutations
 * Level 5.0 Earth Magic


You had 7 spell levels left.
You knew the following spells:

 Your Spells              Type           Power      Damage    Failure   Level
a - Sandblast             Erth           40%        2d10      1%          1
b - Stone Arrow           Conj/Erth      34%        3d9       10%         3

Your spell library contained the following spells:

 Spells                   Type           Power      Damage    Failure   Level
 Passwall                 Tmut/Erth      10%        N/A       8%          2
 Petrify                  Tmut/Erth      13%        N/A       43%         4


Dungeon Overview and Level Annotations

Branches:
Dungeon (3/15)

Altars:

Annotations:
D:3 2 transporters


Innate Abilities, Weirdness & Mutations

You are immune to sickness and miasma.
Your stone body is resilient. (AC +4)
You are immune to poison.
You resist negative energy. (rN+)
You are resistant to electric shocks. (rElec)
You are resistant to unholy torment.
You are immune to petrification.


Message History

The gnoll is heavily wounded.
The gnoll barely misses you. The gnoll closely misses you.
You hit the gnoll.
You kill the gnoll!
The gnoll hits you but does no damage.
The gnoll hits you from afar with a +0 halberd.
The gnoll closely misses you. x2
Things that are here:
a +0 club; a gnoll corpse You hit the gnoll.
The gnoll is severely wounded.
The gnoll closely misses you. The gnoll hits you with a +0 halberd.
The gnoll misses you.
You hit the gnoll.
The gnoll is almost dead.
The gnoll hits you but does no damage. x2
You completely miss the gnoll.
The gnoll is almost dead.
The gnoll closely misses you. The gnoll hits you but does no damage.
The gnoll hits you with a +0 halberd! The gnoll hits you but does no damage.
You barely miss the gnoll.
The gnoll is almost dead.
The gnoll misses you.
The gnoll hits you from afar with a +0 spear.
You hit the gnoll.
You kill the gnoll!
The gnoll hits you from afar with a +0 spear!
* * * LOW HITPOINT WARNING * * *
Your Earth Magic skill increases to level 5!
The gnoll hits you but does no damage.
Things that are here:
a +0 halberd; a gnoll corpse You closely miss the gnoll.
The gnoll barely misses you. The gnoll hits you with a +0 spear.
* * * LOW HITPOINT WARNING * * *
You hit the gnoll.
Your weapon exudes an aura of protection.
The gnoll is moderately wounded.
The gnoll hits you with a +0 spear.
You die...

.###......######.##.#..##8.....8#
...............#.##...##.........
##.............#÷###).#8.........
#..####...........)...+..........
..## #.......)..###..#8.........
## #........#.....###.........
#........#.##..# ##8...).8#
#........#)##÷## ###.....##
##########@##.# #.##8.8###
###########g##)####..##'## #
...........[.............###
........###.#.#####........[
..PPP...###...# ##########
P....Pg.g)...## .PP.....###.##
P...PPP.# #.# ........# #.#


You could see a gnoll.

Vanquished Creatures
  Sigmund (D:3)
  Robin (D:3)
  3 gnolls (D:3)
  4 adders
  2 worms
  2 dart slugs
  6 bats
  11 endoplasms
  6 giant cockroaches
  13 goblins
  11 hobgoblins
  4 jackals (D:1)
  5 ball pythons
  4 frilled lizards
  7 kobolds
  5 rats
85 creatures vanquished.

Vanquished Creatures (others)
  9 plants
9 creatures vanquished.

Grand Total: 94 creatures vanquished

Notes
Turn   | Place    | Note
-------+----------+-------------------------------------------
     0 | D:1      | Kaptain the Gargoyle Earth Elementalist began the quest for
                  | the Orb.
     0 | D:1      | Reached XP level 1. HP: 10/10 MP: 3/3
    87 | D:1      | Reached XP level 2. HP: 12/15 MP: 0/5
   568 | D:1      | Reached skill level 1 in Conjurations
   683 | D:1      | Reached XP level 3. HP: 20/20 MP: 4/6
   687 | D:1      | Learned a level 3 spell: Stone Arrow
   704 | D:1      | Found a faded altar of an unknown god.
  1074 | D:1      | Reached skill level 4 in Earth Magic
  1300 | D:2      | Reached skill level 1 in Fighting
  1402 | D:2      | Reached XP level 4. HP: 25/25 MP: 7/7
  2285 | D:3      | Reached skill level 1 in Armour
  2354 | D:3      | Found a transporter.
  2357 | D:3      | Found a transporter.
  2371 | D:3      | Noticed Robin
  2430 | D:3      | Killed Robin
  2431 | D:3      | Reached XP level 5. HP: 17/29 MP: 0/9
  2644 | D:3      | Noticed Sigmund
  2654 | D:3      | Killed Sigmund
  2655 | D:3      | Reached XP level 6. HP: 30/35 MP: 3/10
  2809 | D:3      | Reached skill level 5 in Earth Magic
  2810 | D:3      | HP: 1/35 [gnoll (4)]
  2811 | D:3      | Slain by a gnoll

Illustrated notes

Levels and vault maps discovered:
D:1:      mrwooster_arrival_statue, layout_loops_ring,
          dilly_ecumenical_altar_fadedgnrine
D:2:      layout_basic, dk_noncrumbling_2
D:3:      gammafunk_steamed_eel, layout_rooms, dk_noncrumbling_4,
          nicolae_grassy_gnolls, uniq_robin, uniq_sigmund

Skill      XL: |  1  2  3  4  5  6 |
---------------+-------------------+-----
Conjurations   | 1 2 |  2.9
Earth Magic    | 4 5 |  5.0
Fighting       | 1 |  1.7
Armour         | 1 |  1.7
Dodging        | 2 |  2.2
Stealth        | 3 |  3.1
Spellcasting   | 3 |  3.2
Transmutations | |  0.7

Action                   |  1- 3 |  4- 6 || total
-------------------------+-------+-------++-------
Melee: Dagger            |    39 |    28 ||    67
       Short sword       |    21 |    12 ||    33
       Punch             |       |     1 ||     1
       Mace              |       |    15 ||    15
 Cast: Sandblast         |    35 |    48 ||    83
       Stone Arrow       |       |     2 ||     2
  Use: Potion            |       |     2 ||     2
 Stab: Sleeping          |     2 |     3 ||     5
Armor: Robe              |    33 |    31 ||    64
Dodge: Dodged            |    33 |    54 ||    87
